 Dungeon Crawl Stone Soup version 0.30-a0-571-gdf30a72648 (webtiles) character file.

Game seed: 8961837160289835785

60 Newt the Trooper (level 3, -3/29 HPs)
             Began as a Demonspawn Gladiator on Dec 29, 2022.
             Slain by Terence
             ... wielding a +0 trident
              (4 damage)
             ... on level 2 of the Dungeon.
             The game lasted 00:01:47 (1055 turns).

Newt the Trooper (Demonspawn Gladiator)             Turns: 1055, Time: 00:01:48

Health: -3/29      AC:  4    Str: 16    XL:     3   Next: 80%
Magic:  3/3        EV: 12    Int:  9    God:
Gold:   4          SH:  0    Dex: 14    Spells: 2/2 levels left

rFire   . . .      SeeInvis .    a - +0 rapier
rCold   . . .      Faith    .    (no shield)
rNeg    . . .      Spirit   .    b - +0 leather armour
rPois   .          Reflect  .    (helmet restricted)
rElec   .          Harm     .    (no cloak)
rCorr   .          Rampage  .    (no gloves)
Will    .....                    h - +0 pair of boots
Stlth   ++                       (no amulet)
HPRegen 0.24/turn                (no ring)
MPRegen 0.08/turn                (no ring)

@: no status effects
A: horns 1, powered by pain 1
a: no special abilities


You were on level 2 of the Dungeon.
You visited 1 branch of the dungeon, and saw 2 of its levels.

You collected 4 gold pieces.

Inventory:

Hand Weapons
 a - a +0 rapier (weapon)
 d - a +2 spear of distortion
Armour
 b - a +0 leather armour (worn)
 c - a +0 helmet
 h - a +0 pair of boots (worn)
Jewellery
 l - a ring of willpower
Scrolls
 g - a scroll of noise
 k - a scroll of poison {unknown}
Potions
 i - a potion of degeneration {unknown}
 j - a potion of heal wounds {unknown}


   Skills:
 + Level 3.5 Fighting
 - Level 2.6 Short Blades
 - Level 1.7 Throwing
 - Level 2.6 Dodging
 - Level 2.0 Stealth


You had 2 spell levels left.
You didn't know any spells.
Your spell library contained the following spells:

 Spells                   Type           Power      Damage    Failure   Level
 Magic Dart               Conj           0%         1d3       45%         1
 Call Imp                 Summ           0%         N/A       58%         2
 Mephitic Cloud           Conj/Pois/Air  0%         N/A       83%         3


Dungeon Overview and Level Annotations

Branches:
Dungeon (2/15)

Altars:
Nemelex Xobeh

Annotations:
D:2 Terence


Innate Abilities, Weirdness & Mutations

You have a pair of small horns on your head.
You sometimes gain a little power by taking damage.


Message History

You hit Terence but do no damage.
Terence is heavily wounded.
Terence barely misses you.
You closely miss Terence. You headbutt Terence!
Terence is almost dead.
Terence shouts, "Get ready for death!"
Terence misses you.
You hit Terence but do no damage.
Terence is almost dead.
Terence hits you with a +0 trident.
You hit Terence but do no damage. You punch Terence, but do no damage.
Terence is almost dead.
Terence barely misses you.
You barely miss Terence. Your headbutt misses Terence.
Terence is almost dead.
Terence hits you with a +0 trident.
* * * LOW HITPOINT WARNING * * *
You hit Terence.
Terence is almost dead.
Terence barely misses you.
You barely miss Terence.
Terence is almost dead.
Terence hits you with a +0 trident.
* * * LOW HITPOINT WARNING * * *
You closely miss Terence. Your headbutt misses Terence.
Terence is almost dead.
Terence completely misses you.
You hit Terence but do no damage.
Terence is almost dead.
Terence misses you.
You hit Terence but do no damage. Your headbutt misses Terence.
Terence is almost dead.
Terence hits you but does no damage.
You barely miss Terence. Your headbutt misses Terence.
Terence is almost dead.
Terence hits you with a +0 trident.
* * * LOW HITPOINT WARNING * * *
Unknown command.
Terence hits you from afar with a +0 trident.
You die...

#)#...........# #.#
#@#...........# #.#
#†#...........# #.#
..............######.#
...............@...#.#
((..###.#.#.#.####.#.#
.(..# #..............#
#########.#.#.####@###
............#.#<@..#
........... ..######
........... ...
..##...... ###
......... .g#######
.....######
...........
...........


You could see Terence.

Vanquished Creatures
  4 gnolls
  A dart slug (D:1)
  An endoplasm (D:1)
  4 goblins
  2 hobgoblins
  3 kobolds (D:1)
  A quokka (D:1)
  3 ball pythons (D:1)
  2 rats (D:1)
21 creatures vanquished.

Notes
Turn   | Place    | Note
-------+----------+-------------------------------------------
     0 | D:1      | Newt the Demonspawn Gladiator began the quest for the Orb.
     0 | D:1      | Reached XP level 1. HP: 16/16 MP: 1/1
    64 | D:1      | Reached skill level 1 in Stealth
    64 | D:1      | Gained mutation: You have a pair of small horns on your
                  | head. [demonic ancestry]
    64 | D:1      | Reached XP level 2. HP: 15/22 MP: 2/2
   700 | D:1      | Gained mutation: You sometimes gain a little power by
                  | taking damage. [demonic ancestry]
   700 | D:1      | Reached XP level 3. HP: 24/28 MP: 3/3
   916 | D:2      | Found a sparkling altar of Nemelex Xobeh.
   946 | D:2      | Reached skill level 3 in Fighting
  1002 | D:2      | Noticed Terence
  1054 | D:2      | HP: 1/29 [Terence/+0 trident (6)]
  1055 | D:2      | Slain by Terence

Illustrated notes

Levels and vault maps discovered:
D:1:      lemuel_arrival_broad_hall, layout_basic
D:2:      layout_basic, basic_altar, chequers_serial_rivers_small_3,
          uniq_crazy_yiuf_cottage, uniq_terence

Skill      XL: |  1  2  3 |
---------------+----------+-----
Stealth        | 1 2 |  2.0
Fighting       | 3 |  3.5
Short Blades   | |  2.6
Throwing       | |  1.7
Dodging        | |  2.6

Action                   || total
-------------------------++-------
Melee: Rapier            ||    79
       Headbutt          ||     9
       Punch             ||     1
Throw: Throwing net      ||     3
       Javelin           ||     1
  Use: Scroll            ||     2
       Potion            ||     1
 Stab: Sleeping          ||     4
       Distracted        ||     1
       Held in net/web   ||     1
Armor: Leather armour    ||     8
Dodge: Dodged            ||    53

Table legend: (Time is in decaauts)
 A = Elapsed time spent in this place.
 B = Non-inter-level travel time spent in this place.
 C = Inter-level travel time spent in this place.
 D = Time resting spent in this place.
 E = Time spent auto-exploring this place.
 F = Levels seen in this place.
 G = Mean time per level.
                   A        B        C        D        E       F      G
               +--------+--------+--------+--------+--------+-----+--------+
         Total |   1060 |   1028 |     32 |     24 |    757 |   2 |  530.0 |
       Dungeon |   1060 |   1028 |     32 |     24 |    757 |   2 |  530.0 |
               +--------+--------+--------+--------+--------+-----+--------+

Top non-repeatable levels by time:
     D:1: 841 daAuts
     D:2: 218 daAuts
